 Dungeon Crawl Stone Soup version 0.13-a0-1693-g8ac13c1 (webtiles) character file.

221 Root the Sneak (level 4, -1/30 HPs)
             Began as a Vampire Enchanter on June 20, 2013.
             Slain by Sigmund
             ... wielding a +2,+1 scythe of protection
              (12 damage)
             ... on Level 3 of the Dungeon.
             The game lasted 00:05:36 (3432 turns).

Root the Sneak (Vampire Enchanter)                  Turns: 3432, Time: 00:05:36

HP  -1/30        AC  3     Str  8      XL: 4   Next: 26%
MP   8/8         EV 12     Int 17      God:
Gold 135         SH  0     Dex 14      Spells:  2 memorised,  2 levels left

Res.Fire  : . . .   See Invis. : +   i - -3,+0 short sword (curse)
Res.Cold  : + . .   Warding    : .   b - +1 robe
Life Prot.: + + .   Conserve   : .   (no shield)
Res.Poison: +       Res.Corr.  : .   (no helmet)
Res.Elec. : .       Clarity    : .   (no cloak)
Sust.Abil.: . .     Spirit.Shd : .   (no gloves)
Res.Mut.  : .       Stasis     : .   (no boots)
Res.Rott. : +       Flight     : .   (no amulet)
Saprovore : . . .                    (no ring)
                                     (no ring)

@: regenerating slowly, slightly resistant to hostile enchantments, quite
stealthy
A: fangs 3, see invisible, unbreathing
a: Bat Form


You were on level 3 of the Dungeon.
You were thirsty.

You visited 1 branch of the dungeon, and saw 3 of its levels.

You collected 115 gold pieces.

Inventory:

Hand weapons
 a - a +1,+1 dagger {=f}
 i - a cursed -3,+0 short sword (weapon)
 j - a +1,+0 dwarven short sword
 k - a +6,+2 dagger
Missiles
 d - 12 darts (quivered)
Armour
 b - a +1 robe (worn)
Magical devices
 r - a wand of magic darts (13)
 t - a wand of digging (17) {unknown}
Scrolls
 e - 2 scrolls of enchant weapon II {unknown}
 h - 2 scrolls of identify {unknown}
 l - 3 scrolls of remove curse {unknown}
 m - a scroll of curse weapon {unknown}
 n - a scroll of blinking {unknown}
 o - 2 scrolls of teleportation {unknown}
 q - 2 scrolls of curse jewellery {unknown}
Potions
 f - a potion of paralysis {unknown}
 g - a potion of heal wounds {unknown}
 p - 2 potions of curing {unknown}
 s - a potion of poison {unknown}
Books
 c - a book of Maledictions

   Spells                             Type                      Level
   *Corona                            Hexes                        1
   Sure Blade                         Hexes/Charms                 2
   *Ensorcelled Hibernation           Hexes/Ice                    2
   Confuse                            Hexes                        3
   Enslavement                        Hexes                        4
   Invisibility                       Hexes                        6


   Skills:
 + Level 3.1 Short Blades
 - Level 0.7 Throwing
 - Level 2.1 Dodging
 + Level 5.6 Stealth
 - Level 1.0 Spellcasting
 - Level 4.4 Hexes


You had 2 spell levels left.
You knew the following spells:

 Your Spells              Type           Power        Failure   Level  Hunger
a - Corona                Hex            ###....      3%          1    ##.....
b - Ensorcelled Hibernat  Hex/Ice        #.....       17%         2    ###....


Dungeon Overview and Level Annotations

Branches:
Dungeon (3/27)

Altars:

Annotations
D:3 Sigmund


Innate Abilities, Weirdness & Mutations

You heal slowly.
You have razor-sharp teeth.*
You have supernaturally acute eyesight.
You can survive without breathing.*


Message History

Found a stone staircase leading down.
The helpless rat fails to defend itself.
You bite the rat, and draw its blood!
You feel better.
You feel slightly less thirsty.
You slice the rat!!
You kill the rat!
No target in view!
No target in view!
You start resting.
Magic restored.
You start resting.
p - 2 glowing purple potions (gained 1)
Found 11 steel darts.
You now have 135 gold pieces (gained 13).
Sigmund comes into view.
He is wielding a glowing scythe.
Sigmund shouts!
Sigmund hits you with a glowing scythe!
Ouch! That really hurt!
You barely miss Sigmund.
Sigmund hits you from afar with a glowing scythe!
You die...

#.###.#.######
#.....#.######
####............#
.............#..#
##.....#.#.#..#
##.?......#.....(
..........###....
###.......## .#..
......$.@#####.#.#
..###.....@......#
##.#######.#.# #.
#


You could see Sigmund.

Vanquished Creatures
  2 adders (D:2)
  2 gnolls (D:3)
  2 giant geckos
  An orc (D:3)
  2 giant cockroaches
  5 hobgoblins
  3 jackals (D:2)
  4 kobolds
  12 bats
  6 goblins
  7 rats
46 creatures vanquished.

Vanquished Creatures (others)
  A giant newt (D:2)
1 creature vanquished.

Grand Total: 47 creatures vanquished

Notes
Turn   | Place    | Note
--------------------------------------------------------------
     0 | D:1      | Root, the Vampire Enchanter, began the quest for the Orb.
     0 | D:1      | Reached XP level 1. HP: 13/13 MP: 4/4
   461 | D:1      | Reached XP level 2. HP: 13/19 MP: 5/5
  1475 | D:2      | Learned a level 2 spell: Ensorcelled Hibernation
  1640 | D:2      | Reached XP level 3. HP: 2/24 MP: 6/6
  2672 | D:2      | Reached skill level 5 in Stealth
  2988 | D:3      | Reached XP level 4. HP: 30/30 MP: 5/8
  3429 | D:3      | Noticed Sigmund
  3432 | D:3      | Slain by Sigmund

Action                   |  1- 3 |  4- 6 || total
-------------------------+-------+-------++-------
Melee: Dagger            |    31 |       ||    31
       Short sword       |   151 |     7 ||   158
 Cast: Ensorcelled Hiber |     1 |     5 ||     6
 Abil: End Transformatio |       |     1 ||     1
       Bat Form          |       |     1 ||     1
Evoke: Wand              |     1 |       ||     1
 Stab: Sleeping          |     5 |     3 ||     8
